 Dungeon Crawl Stone Soup version 0.17-a0-1850-g688e747 (webtiles) character file.

155 derrpe the Changer (level 4, -3/34 HPs)
             Began as a Demigod Transmuter on Sept 19, 2015.
             Killed from afar by an orc wizard (9 damage)
             ... with a magic dart
             ... on level 3 of the Dungeon.
             The game lasted 00:08:50 (3226 turns).

derrpe the Changer (Demigod Transmuter)             Turns: 3226, Time: 00:08:50

Health: -3/34      AC:  2    Str: 13    XL:     4   Next: 90%
Magic:  7/9        EV: 20    Int: 19    God:
Gold:   84         SH:  0    Dex: 21    Spells: 2 memorised, 3 levels left

rFire  . . .     SeeInvis .       - Unarmed
rCold  . . .     Clarity  .     (armour currently unavailable)
rNeg   . . .     SustAt   +     (shield currently unavailable)
rPois  x         Gourm    .     (helmet currently unavailable)
rElec  .         Spirit   .     (cloak currently unavailable)
rCorr  .         Warding  .     (gloves currently unavailable)
rMut   .         Stasis   .     (boots currently unavailable)
MR     .....                    (no amulet)
Stlth  ++........               t - ring of ice
                                m - ring of fire

@: spider-form (expiring), flying (expiring), very slightly contaminated, not
resistant to hostile enchantments, unstealthy
A: high mp 1, sustain attributes
a: End Transformation


You were on level 3 of the Dungeon.
You were hungry.
You were a venomous arachnid creature.
You visited 1 branch of the dungeon, and saw 3 of its levels.

You collected 84 gold pieces.

Inventory:

Hand weapons
 r - a +0 spear
 w - a cursed -2 long sword (melded)
Missiles
 a - 46 arrows
 q - 13 arrows of flame
Armour
 b - a +0 robe (melded)
 p - a +2 pair of gloves (melded)
 v - a +1 helmet (melded)
Jewellery
 m - a ring of fire (left front leg)
 t - a ring of ice (right front leg)
Scrolls
 e - a scroll of noise {unknown}
 f - a scroll of blinking {unknown}
 g - a scroll of fog
 h - 4 scrolls of remove curse
 n - 3 scrolls of identify
 u - a scroll of enchant armour {unknown}
Potions
 i - a potion of magic
 j - 2 potions of mutation
 x - a potion of flight
Books
 c - a book of Changes

   Spells                             Type                      Level
   a - Beastly Appendage              Transmutation                1
   b - Sticks to Snakes               Transmutation                2
   c - Spider Form                    Transmutation/Poison         3
   d - Ice Form                       Ice/Transmutation            4
   e - Blade Hands                    Transmutation                5
Comestibles
 d - 3 bread rations {@e1}
 k - 4 fruits
 o - a meat ration {@e2}


   Skills:
 - Level 0.8 Fighting
 - Level 1.7 Dodging
 - Level 2.6 Unarmed Combat
 - Level 2.0 Spellcasting
 - Level 3.3 Transmutations
 + Level 3.1 Poison Magic


You had 3 spell levels left.
You knew the following spells:

 Your Spells              Type           Power        Failure   Level  Hunger
a - Beastly Appendage     Trmt           ##....       17%         1    #......
b - Spider Form           Trmt/Pois      ##........   32%         3    ###....


Dungeon Overview and Level Annotations

Branches:
Dungeon (3/15)


Innate Abilities, Weirdness & Mutations

You have an increased reservoir of magic (+10% MP).
Your attributes are resistant to harm.


Message History

The adder dies!
The orc wizard casts a spell at you.
The puff of frost hits the orc.
The orc dies!
You see here a vampiric whip.
You flicker back into view.
The orc wizard hits you with a dagger.
You barely miss the orc wizard.
The orc wizard is lightly wounded.
Your transformation is almost over.
The orc wizard barely misses you. The orc wizard misses you.
You barely miss the orc wizard.
The orc wizard points at you and mumbles some strange words.
The puff of frost hits you!
* * * LOW HITPOINT WARNING * * *
You hit the orc wizard but do no damage.
The orc wizard is poisoned.
The orc wizard gestures at you while chanting.
The magic dart hits you!
You die...

###########
#.......<.########
#.#######.........
### #.# #..#######
.....##.#######..#
#..os)....##..#####
####.###..†.......#
#.# #..##..###.#
#.# #..##..# #.#
#..##..# #..
.......#
####...##.##
#...##.# .......#


You could see an orc wizard.

Vanquished Creatures
  Robin (D:2)
  A gnoll (D:1)
  6 adders
  2 oozes
  3 worms (D:2)
  3 giant geckos
  A ball python (D:1)
  10 hobgoblins
  6 jackals
  3 bats
  2 giant cockroaches (D:2)
  2 giant newts (D:2)
  10 goblins
  3 kobolds (D:2)
  5 rats
58 creatures vanquished.

Vanquished Creatures (others)
  An adder (D:3)
  An orc (D:3)
2 creatures vanquished.

Grand Total: 60 creatures vanquished

Notes
Turn   | Place    | Note
--------------------------------------------------------------
     0 | D:1      | derrpe the Demigod Transmuter began the quest for the Orb.
     0 | D:1      | Reached XP level 1. HP: 15/15 MP: 5/5
   281 | D:1      | Reached XP level 2. HP: 5/22 MP: 5/7
   718 | D:1      | Reached skill level 3 in Transmutations
  1114 | D:2      | Found a sparkling altar of Nemelex Xobeh.
  1129 | D:2      | Reached XP level 3. HP: 20/27 MP: 6/8
  1372 | D:2      | Found a bloodstained altar of Trog.
  1610 | D:2      | Learned a level 3 spell: Spider Form
  1746 | D:2      | Reached skill level 1 in Poison Magic
  2276 | D:2      | Reached XP level 4. HP: 34/34 MP: 9/9
  2476 | D:2      | Noticed Robin
  2485 | D:2      | Killed Robin
  3226 | D:3      | Killed from afar by an orc wizard

Vault maps used:
D:1:      scummos_arrival_hexagon
D:2:      nicolae_overflow_crystal_walls, nemelex_xobeh_ov_fountains_minmay,
          first_bread, minmay_misc_feat_rugged, uniq_robin
D:3:      kennysheep_another_room, uniq_crazy_yiuf_cottage

Action                   |  1- 3 |  4- 6 || total
-------------------------+-------+-------++-------
Melee: Unarmed           |    43 |    32 ||    75
       Club              |    42 |       ||    42
       Spear             |    65 |    92 ||   157
       Long sword        |       |    20 ||    20
 Cast: Beastly Appendage |    16 |       ||    16
       Spider Form       |       |     4 ||     4
  Use: Potion            |       |     4 ||     4
       Scroll            |       |     3 ||     3
 Stab: Sleeping          |     4 |     2 ||     6
  Eat: Chunk             |     4 |     4 ||     8
